 Dungeon Crawl Stone Soup version 0.29.1-1-gd02db69 (webtiles) character file.

Game seed: 15280261856078307784

779 jagoly the Changer (level 7, -9/51 HPs)
             Began as an Octopode Transmuter on Oct 4, 2022.
             Was an Initiate of Gozag.
             Mangled by an ogre
             ... wielding a +0 giant club
              (19 damage)
             ... on level 4 of the Dungeon on Oct 5, 2022.
             The game lasted 00:19:19 (5725 turns).

jagoly the Changer (Octopode Transmuter)            Turns: 5725, Time: 00:19:19

Health: -9/51      AC:  7    Str:  9    XL:     7   Next: 85%
Magic:  18/19      EV: 10    Int: 17    God:    Gozag
Gold:   189        SH:  0    Dex: 13    Spells: 0/10 levels left

rFire   x . .      SeeInvis .     - Unarmed
rCold   + + +      Faith    .   (shield currently unavailable)
rNeg    + . .      Spirit   .   (helmet currently unavailable)
rPois   +          Reflect  .   (no amulet)
rElec   .          Harm     .   f - ring of positive energy
rCorr   .          Rampage  .   x - ring of magical power
Will    .....                   (no ring)
Stlth   +.........              (no ring)
HPRegen 0.17/turn               (no ring)
MPRegen 0.16/turn               (no ring)
                                (no ring)
                                (no ring)

@: ice-form, wereblooded
A: freezing attack, boosted hp, almost no armour, amphibious, 8 rings, large,
(camouflage 1), (gelatinous body 1), (nimble swimmer 1), (tentacles)
a: End Transformation, Renounce Religion, Potion Petition, Call Merchant, Bribe
Branch


You were on level 4 of the Dungeon.
You worshipped Gozag.
Gozag was aware of your devotion.
You were a creature of crystalline ice.
You visited 2 branches of the dungeon, and saw 6 of its levels.

You collected 234 gold pieces.
You paid 45 gold pieces to Gozag.

Inventory:

Hand Weapons
 w - a +0 sling
Missiles
 d - 11 poisoned darts
 g - 29 stones
Magical Staves
 h - a staff of fire
Jewellery
 f - a ring of positive energy (left front paw)
 x - a ring of magical power (right front paw)
Wands
 a - a wand of iceblast (5)
 y - a wand of flame (19)
 z - a wand of digging (2)
Scrolls
 b - 2 scrolls of fog {unknown}
 e - a scroll of enchant armour {unknown}
 j - 2 scrolls of noise {unknown}
 l - 2 scrolls of teleportation {unknown}
 m - 2 scrolls of poison {unknown}
 q - 3 scrolls of identify {unknown}
 s - a scroll of brand weapon {unknown}
 u - a scroll of silence {unknown}
 v - 2 scrolls of blinking {unknown}
Potions
 c - a potion of might
 i - a potion of invisibility {unknown}
 k - a potion of lignification
 n - a potion of magic {unknown}
 o - a potion of attraction {unknown}
 p - a potion of heal wounds {unknown}
 r - a potion of flight {unknown}
 t - a potion of curing {unknown}


   Skills:
 - Level 1.0 Fighting
 - Level 2.0 Dodging
 - Level 3.0 Unarmed Combat
 - Level 2.0 Spellcasting
 + Level 6.5 Transmutations
 * Level 5.1 Ice Magic
 - Level 2.0 Poison Magic


You couldn't memorise any spells.
You knew the following spells:

 Your Spells              Type           Power      Damage    Failure   Level
A - Beastly Appendage     Tmut           48%        N/A       1%          1
O - Ice Form              Ice/Tmut       21%        N/A       17%         4
P - Spider Form           Tmut/Pois      16%        N/A       10%         3
W - Wereblood             Tmut           24%        N/A       1%          2

Your spell library contained the following spells:

 Spells                   Type           Power      Damage    Failure   Level
 Passwall                 Tmut/Erth      10%        N/A       8%          2
 Sandblast                Erth           2%         2d4       19%         1
 Static Discharge         Conj/Air       1%         3-4/arc   28%         2
 Sublimation of Blood     Necr           1%         N/A       28%         2
 Confusing Touch          Hex            1%         N/A       50%         3
 Stone Arrow              Conj/Erth      2%         3d7       50%         3
 Yara's Violent Unravell  Hex/Tmut       6%         3d5       80%         5
 Lightning Bolt           Conj/Air       0%         1d11      99%         5
 Enfeeble                 Hex            0%         N/A       100%        7
 Summon Hydra             Summ           0%         N/A       100%        7
 Maxwell's Capacitive Co  Air            0%         ∞         100%        8


Dungeon Overview and Level Annotations

Branches:
Dungeon (5/15) Zot: 24333  Temple (1/1) D:4 Zot: 5954

Altars:
Ashenzari
Dithmenos
Fedhas
Gozag
Hepliaklqana
Makhleb
Okawaru
Qazlal
Ru
Sif Muna
Trog
Uskayaw
Vehumet
Wu Jian
Xom
Yredelemnul
Zin
The Shining One

Annotations:
D:3 Grinder
D:4 1 runed translucent door


Innate Abilities, Weirdness & Mutations

You are a creature of crystalline ice.
You have a powerful freezing melee attack.
Your maximum health is increased.
Your armour is entirely melded.
You are incapable of wielding weapons or throwing items.
You cannot wear most types of armour.
You are amphibious.
You can wear up to eight rings at the same time.
((Your skin changes colour to match your surroundings (Stealth+).))
((Your rubbery body absorbs attacks. (AC +1, EV +1)))
((You are camouflaged when in or above water. (Stealth+)))
((You have tentacles for arms and can constrict up to eight enemies at once.))


Message History

You hit the scorpion. You freeze the scorpion.
The scorpion is heavily wounded.
The scorpion stings you.
You punch the scorpion! You freeze the scorpion.
You kill the scorpion!
Your Ice Magic skill increases to level 5!
Unknown command.
Press: ? - help, v - describe, . - travel
Here: a gnoll sergeant, wielding a +0 trident of freezing, wearing a +0 scale mail and wearing a +0 kite shield The floor.
Unknown command.
Unknown command.
Unknown command.
There is a stone staircase leading up here.
Cast which spell? (? or * to list)
Your blood is infused with primal strength.
The ogre hits you with a +0 giant club!
You climb upwards.
Level annotation: 1 runed translucent door
There is a stone staircase leading down here.
You punch the ogre! You freeze the ogre.
The ogre is heavily wounded.
You completely miss the ogre.
The ogre is heavily wounded.
The ogre barely misses you.
You hit the ogre. You freeze the ogre.
The ogre is heavily wounded.
The ogre hits you with a +0 giant club!!
* * * LOW HITPOINT WARNING * * *
Unknown command.
You hit the ogre. You freeze the ogre.
The ogre is severely wounded.
You barely miss the ogre.
The ogre is severely wounded.
The ogre closely misses you.
You hit the ogre but do no damage.
The ogre is severely wounded.
The ogre hits you with a +0 giant club!!
You die...
Your body crumbles into a pile of gold.

##..........##.............###
#........#####.........#...##
###.......## #..#...........)
##...#.....# ##..............
##..###.....# ##..##.........#
...###..###.##
##..#######...... #.####.##
##.# #.#..# #.#..#. ###
#.###########O##.## ##.##...
##.........##Y####.## #.######
#.############# ##.##### ###
##.# ###


You could see an ogre.

Vanquished Creatures
  Sigmund (D:4)
  A black bear (D:4)
  A phantom (D:5)
  A bullfrog (D:5)
  A scorpion (D:5)
  A necrophage (D:3)
  A hound (D:5)
  An iguana (D:4)
  6 gnolls (D:4)
  7 adders
  A worm (D:3)
  3 orcs
  7 ball pythons
  5 bats
  8 endoplasms
  4 giant cockroaches
  7 goblins
  10 hobgoblins
  3 kobolds
  5 quokkas
  2 frilled lizards
  A jackal zombie (D:4)
  4 rats
81 creatures vanquished.

Vanquished Creatures (others)
  29 plants (D:5)
29 creatures vanquished.

Grand Total: 110 creatures vanquished

Notes
Turn   | Place    | Note
-------+----------+-------------------------------------------
     0 | D:1      | jagoly the Octopode Transmuter began the quest for the Orb.
     0 | D:1      | Reached XP level 1. HP: 13/13 MP: 3/3
   394 | D:1      | Reached skill level 1 in Poison Magic
   394 | D:1      | Reached XP level 2. HP: 18/18 MP: 3/5
   699 | D:1      | Learned a level 2 spell: Wereblood
   993 | D:1      | Reached skill level 3 in Transmutations
  1032 | D:1      | Reached XP level 3. HP: 23/23 MP: 6/6
  1603 | D:2      | Learned a level 3 spell: Spider Form
  2035 | D:3      | Reached XP level 4. HP: 24/28 MP: 5/7
  2143 | D:3      | Noticed a necrophage
  2158 | D:3      | Killed a necrophage
  2159 | D:3      | Reached skill level 4 in Transmutations
  2173 | D:3      | Reached XP level 5. HP: 33/33 MP: 6/8
  2570 | D:3      | Noticed Grinder
  2639 | D:3      | Found a shimmering altar of Xom.
  2829 | D:3      | Reached skill level 5 in Transmutations
  3256 | D:4      | Reached skill level 1 in Ice Magic
  3315 | D:4      | Noticed a black bear
  3329 | D:4      | Killed a black bear
  3330 | D:4      | Reached XP level 6. HP: 10/38 MP: 1/9
  3552 | D:4      | Found a shadowy altar of Dithmenos.
  3857 | D:4      | Noticed Sigmund
  3872 | D:4      | Paralysed by a hobgoblin for 5 turns
  3896 | D:4      | Killed Sigmund
  3897 | D:4      | Reached skill level 6 in Transmutations
  3897 | D:4      | Reached XP level 7. HP: 4/43 MP: 10/10
  4395 | D:4      | Found a staircase to the Ecumenical Temple.
  4404 | Temple   | Entered the Ecumenical Temple
  4425 | Temple   | Became a worshipper of Gozag Ym Sagoz the Greedy
  4813 | D:4      | Found a runed translucent door.
  4813 | D:4      | Noticed a human
  4818 | D:4      | Found a basalt altar of Yredelemnul.
  4893 | D:4      | Learned a level 4 spell: Ice Form
  5236 | D:5      | Entered Level 5 of the Dungeon
  5695 | D:5      | Reached skill level 5 in Ice Magic
  5725 | D:4      | Mangled by an ogre

Illustrated notes

Levels and vault maps discovered:
D:1:      giann_horns, layout_basic, reono_crystal_passage, minivault_19
D:2:      layout_loops_ring
D:3:      minmay_evil_eye, layout_basic, tgw_xom,
          chequers_serial_rivers_small_3, uniq_grinder
D:4:      layout_layer_cave, dk_yredelemnul_ordeal,
          nicolae_dithmenos_shadow_blocks, minmay_temple_entry_poolview,
          chequers_jeans, kennysheep_generic_room_7, uniq_sigmund
D:5:      layout_rooms, serial_bayou_lagoon_a, chequers_serial_rivers_room_a
Temple:   hellmonk_temple_of_storms

Skill      XL: |  1  2  3  4  5  6  7 |
---------------+----------------------+-----
Poison Magic   | 1 2 |  2.0
Transmutations | 3 4 5 6 |  6.5
Ice Magic      | 2 3 5 |  5.1
Fighting       | |  1.0
Dodging        | |  2.0
Unarmed Combat | |  3.0
Spellcasting   | |  2.0

Action                   |  1- 3 |  4- 6 |  7- 9 || total
-------------------------+-------+-------+-------++-------
Melee: Unarmed           |    30 |   106 |    59 ||   195
       Kick              |    20 |    11 |     5 ||    36
       Tentacles         |    11 |     1 |     3 ||    15
       Constrict         |    12 |     9 |     4 ||    25
       Dagger            |    34 |     1 |       ||    35
       Punch             |       |     2 |       ||     2
 Cast: Beastly Appendage |    26 |    12 |     6 ||    44
       Spider Form       |       |     7 |     3 ||    10
       Wereblood         |       |     2 |     3 ||     5
       Ice Form          |       |       |     2 ||     2
  Use: Potion            |       |     2 |       ||     2
 Stab: Sleeping          |    13 |     3 |     1 ||    17
Armor: Skin              |     5 |    18 |     5 ||    28
Dodge: Dodged            |    34 |    71 |    33 ||   138
